 Dungeon Crawl Stone Soup version 0.20.0-6-gd3061e9 (webtiles) character file.

706 xgamer67 the Ducker (level 7, 30/30 HPs)
             Began as a Felid Necromancer on May 28, 2017.
             Was a Follower of Nemelex Xobeh.
             Quit the game on level 7 of the Dungeon.
             The game lasted 00:22:32 (8430 turns).

xgamer67 the Ducker (Felid Necromancer)             Turns: 8430, Time: 00:22:33

Health: 30/30      AC:  2    Str:  6    XL:     7   Next: 39%
Magic:  11/11      EV: 24    Int: 16    God:    Nemelex Xobeh [*.....]
Gold:   266        SH:  0    Dex: 17    Spells: 5/10 levels left
                                        Lives:  1   Deaths: 1

rFire    . . .     SeeInvis +     - Unarmed
rCold    + . .     Gourm    .   (shield unavailable)
rNeg     . . .     Faith    .   (armour unavailable)
rPois    .         Spirit   .   (helmet unavailable)
rElec    .         Reflect  .   (cloak unavailable)
rCorr    .         Harm     .   (gloves unavailable)
MR       +....                  (boots unavailable)
Stlth    ++++......             k - amulet of rage
Regen    0.1/turn               c - ring of protection from cold
MPRegen  0.2/turn               r - +2 ring of evasion

@: quick
A: no armour, no weapons or thrown items, stealth, claws 1, fangs 3, see
invisible, carnivore 3, speed 1, shaggy fur 2, slow metabolism 1, sharp paws
a: Renounce Religion, Evoke Berserk Rage


You were on level 7 of the Dungeon.
You worshipped Nemelex Xobeh.
Nemelex Xobeh was aware of your devotion.
You were not hungry.

You visited 1 branch of the dungeon, and saw 8 of its levels.

You collected 266 gold pieces.

Inventory:

Jewellery
 c - a ring of protection from cold (left paw)
 k - an amulet of rage (around neck)
 r - a +2 ring of evasion (right paw)
 v - an uncursed ring of teleportation
Scrolls
 f - a scroll of recharging
 g - 4 scrolls of magic mapping
 n - 4 scrolls of remove curse
 s - a scroll of fear
 u - a scroll of teleportation
Potions
 d - 2 potions of might
 e - a potion of mutation {unknown}
 h - a potion of degeneration {unknown}
 i - a potion of curing
 l - a potion of haste
 o - a potion of heal wounds {unknown}
 p - a potion of flight {unknown}
 q - a potion of ambrosia {unknown}
Books
 a - a book of Necromancy

   Spells                             Type                      Level
   a - Pain                           Necromancy                   1
   b - Animate Skeleton               Necromancy                   1
   c - Vampiric Draining              Necromancy                   3
   d - Regeneration                   Charms/Necromancy            3
   e - Animate Dead                   Necromancy                   4
   f - Control Undead                 Necromancy                   4
Miscellaneous
 m - a plain deck of summoning {drawn: 1}
 t - a plain deck of escape {drawn: 2}
Comestibles
 b - 2 meat rations
 j - 3 royal jellies


   Skills:
 + Level 2.5 Fighting
 - Level 7.0 Dodging
 - Level 6.2 Stealth
 + Level 7.0 Unarmed Combat
 - Level 2.0 Spellcasting
 + Level 2.6 Charms
 - Level 4.0 Necromancy


You had 5 spell levels left.
You knew the following spells:

 Your Spells              Type           Power        Failure   Level  Hunger
a - Pain                  Necr           ##..         4%          1    #......
b - Regeneration          Chrm/Necr      ##........   16%         3    ###....
A - Animate Skeleton      Necr           N/A          4%          1    #......


Dungeon Overview and Level Annotations

Branches:
Dungeon (8/15)             Temple (0/1) D:7
   Lair: D:8-11

Altars:
Cheibriados
Dithmenos
Kikubaaqudgha
Nemelex Xobeh
Qazlal
Ru
Sif Muna
Trog
Uskayaw
Xom

Annotations:
D:2 2 transporters
D:4 exclusions: orc, orc wizard and quokka, Sigmund
D:5 exclusions: upstairs and water moccasin
D:6 1 exclusion
D:7 exclusion: ogre


Innate Abilities, Weirdness & Mutations

You cannot wear armour.
You are incapable of wielding weapons or throwing items.
Your paws allow you to move quietly. (Stealth)
You have sharp claws.
You have razor-sharp teeth.
You have supernaturally acute eyesight. (SInv)
You are carnivorous and can eat meat at any time.
You cover ground quickly.
You are covered in thick fur. (AC +2)
You have a slow metabolism.
Your sharp claws are effective at attacking unaware monsters.


Message History

Evoke which item? (* to show all) (? for menu, Esc to quit)
You draw a card...
It is the Shaft.
Nothing appears to happen.
The bullfrog misses you. The orc warrior closely misses you.
The bullfrog hits you but does no damage.
Evoke which item? (* to show all) (? for menu, Esc to quit)
You draw a card...
It is the Elixir.
You begin rapidly regenerating.
The bullfrog misses you.
The orc warrior hits you with a dire flail!!
Ouch! That really hurt!
* * * LOW HITPOINT WARNING * * *
The bullfrog completely misses you.
The orc warrior hits you with a dire flail!
You die...
The bullfrog misses you.
The orc priest shouts!
You are now level 7!
You rejoin the land of the living...
You can't grasp things well enough to throw them.
You can't grasp things well enough to throw them.
Are you sure you want to abandon this character and quit the game? (Confirm with "yes".)

.$.....##.......#
.. .....##.......#
#.####..##...##.##
.............# .#
#....#.......# .#
#. #.####.## .# #.
#......#
#.###.####.######
#.....@....#
##########.# #<#
###


There were no monsters in sight!

Vanquished Creatures
  A wraith (D:7)
  An ogre (D:8)
  A necrophage (D:7)
  A centaur (D:6)
  5 bullfrogs
  4 crimson imps
  A quasit (D:7)
  3 hounds
  2 jellies
  An iguana (D:5)
  2 worker ants (D:5)
  2 orc wizards
  A hound zombie (D:4)
  A worker ant zombie (D:5)
  8 adders
  A shadow imp (D:7)
  2 oozes (D:2)
  A worm (D:3)
  2 dart slugs
  5 leopard geckos
  10 orcs
  3 bats
  6 giant cockroaches
  5 goblins
  10 hobgoblins
  2 jackals (D:6)
  4 quokkas
  A ball python (D:1)
  4 frilled lizards
  7 kobolds
  A leopard gecko skeleton (D:5)
  5 rats
103 creatures vanquished.

Vanquished Creatures (collateral kills)
  A killer bee (D:6)
1 creature vanquished.

Grand Total: 104 creatures vanquished

Notes
Turn   | Place    | Note
-------+----------+-------------------------------------------
     0 | D:1      | xgamer67 the Felid Necromancer began the quest for the Orb.
     0 | D:1      | Reached XP level 1. HP: 7/7 MP: 4/4
     2 | D:1      | Learned a level 1 spell: Animate Skeleton
   288 | D:1      | Reached skill level 1 in Unarmed Combat
   558 | D:1      | Reached XP level 2. HP: 4/11 MP: 6/6
   997 | D:2      | Found a stormy altar of Qazlal.
   997 | D:2      | Noticed a crimson imp
   998 | D:2      | Noticed an ice beast
   998 | D:2      | Found a deep blue altar of Sif Muna.
  1000 | D:2      | Found a transporter.
  1132 | D:2      | Found a transporter.
  1321 | D:2      | Reached XP level 3. HP: 14/14 MP: 7/7
  2146 | D:2      | Found a faded altar of an unknown god.
  2600 | D:3      | Reached XP level 4. HP: 18/18 MP: 8/8
  3549 | D:3      | Found a sparkling altar of Nemelex Xobeh.
  3737 | D:3      | Became a worshipper of Nemelex Xobeh the Trickster
  3768 | D:3      | Reached skill level 5 in Stealth
  4066 | D:4      | Received a gift from Nemelex Xobeh
  4084 | D:4      | Reached XP level 5. HP: 21/21 MP: 9/9
  4484 | D:4      | Noticed Sigmund
  4785 | D:4      | Found a bloodstained altar of Trog.
  4985 | D:5      | Entered Level 5 of the Dungeon
  5135 | D:5      | Noticed a water moccasin
  5152 | D:5      | Gained mutation: You are covered in thick fur. (AC +2) [Felid growth]
  5152 | D:5      | Reached XP level 6. HP: 24/24 MP: 10/10
  5155 | D:5      | Found a shadowy altar of Dithmenos.
  6184 | D:5      | Found a sacrificial altar of Ru.
  6275 | D:5      | Found a snail-covered altar of Cheibriados.
  6341 | D:6      | Reached skill level 5 in Unarmed Combat
  6413 | D:6      | Reached * piety under Nemelex Xobeh
  6516 | D:6      | Reached skill level 5 in Dodging
  6516 | D:6      | Reached XP level 7. HP: 22/27 MP: 11/11
  6596 | D:6      | Found a sacrificial altar of Ru.
  7580 | D:7      | Received a gift from Nemelex Xobeh
  8045 | D:7      | Noticed a hand axe
  8046 | D:7      | Noticed a dagger
  8052 | D:7      | Found a staircase to the Ecumenical Temple.
  8071 | D:7      | Found a hide-covered altar of Uskayaw.
  8120 | D:7      | Noticed a wraith
  8135 | D:7      | Killed a wraith
  8158 | D:7      | Noticed a wraith
  8291 | D:8      | Reached XP level 8. HP: 31/31 MP: 12/12
  8307 | D:8      | Found a shimmering altar of Xom.
  8308 | D:8      | Found an ancient bone altar of Kikubaaqudgha.
  8343 | D:8      | Reached skill level 1 in Fighting
  8351 | D:8      | Learned a level 3 spell: Regeneration
  8402 | D:8      | Reached skill level 1 in Charms
  8429 | D:7      | Slain by an orc warrior
  8430 | D:7      | Reached XP level 7. HP: -2/30 MP: 11/11
  8430 | D:7      | Quit the game

Skill      XL: |  1  2  3  4  5  6  7  8 |
---------------+-------------------------+-----
Unarmed Combat | 1 2 3 4 5 6 7 |  7.0
Stealth        | 3 4 5 6 |  6.2
Dodging        | 3 5 7 |  7.0
Fighting       | 2 |  2.5
Charms         | 2 |  2.6
Spellcasting   | |  2.0
Necromancy     | |  4.0

Action                   |  1- 3 |  4- 6 |  7- 9 || total
-------------------------+-------+-------+-------++-------
Melee: Unarmed           |   124 |   248 |    97 ||   469
       Bite              |     9 |    18 |     6 ||    33
       Punch             |       |     2 |     1 ||     3
 Cast: Pain              |       |       |     3 ||     3
 Abil: Evoke Berserk Rag |     3 |    12 |     6 ||    21
Evoke: Deck              |       |       |     3 ||     3
  Use: Scroll            |     1 |     6 |     3 ||    10
       Potion            |       |       |     2 ||     2
 Stab: Sleeping          |     6 |     6 |     3 ||    15
       Paralysed         |       |       |     1 ||     1
  Eat: Chunk             |    10 |    21 |     3 ||    34
Armor: Skin              |     3 |     9 |     8 ||    20
Dodge: Dodged            |    75 |   178 |   112 ||   365
